 Dungeon Crawl Stone Soup version 0.28.0-53-g5a82cb258f (webtiles) character file.

Game seed: 17991291992223088726

65 Zeld the Chopper (level 3, -2/51 HPs)
             Began as a Minotaur Berserker on May 22, 2022.
             Was a Believer of Trog.
             Slain by a goblin
             ... wielding a +0 dagger
             ... led by Robin
              (4 damage)
             ... on level 2 of the Dungeon.
             The game lasted 00:01:26 (1645 turns).

Zeld the Chopper (Minotaur Berserker)               Turns: 1645, Time: 00:01:27

Health: -2/51      AC:  2    Str: 23    XL:     3   Next: 94%
Magic:  2/2        EV: 12    Int:  4    God:    Trog [**....]
Gold:   72         SH:  0    Dex:  9    Spells: 2/2 levels left

rFire   . . .      SeeInvis .   a - +0 hand axe
rCold   . . .      Faith    .   (no shield)
rNeg    . . .      Spirit   .   b - +0 animal skin
rPois   .          Reflect  .   (helmet restricted)
rElec   .          Harm     .   (no cloak)
rCorr   .          Rampage  .   (no gloves)
Will    .....                   (no boots)
Stlth   ..........              (no amulet)
HPRegen 0.17/turn               (no ring)
MPRegen 0.08/turn               (no ring)

@: berserking, very quick
A: horns 2, retaliatory headbutt
a: Renounce Religion, Berserk, Trog's Hand


You were on level 2 of the Dungeon.
You worshipped Trog.
Trog was pleased with you.
You visited 1 branch of the dungeon, and saw 2 of its levels.

You collected 72 gold pieces.

Inventory:

Hand Weapons
 a - a +0 hand axe (weapon)
Armour
 b - a +0 animal skin (worn)
Scrolls
 c - a scroll of noise {unknown}
 e - a scroll of magic mapping {unknown}
Potions
 d - a potion of heal wounds {unknown}
 f - 2 potions of haste


   Skills:
 * Level 4.4 Fighting
 * Level 4.5 Axes
 + Level 3.1 Armour
 + Level 2.7 Dodging


You had 2 spell levels left.
You didn't know any spells.
Your spell library was empty.

Dungeon Overview and Level Annotations

Branches:
Dungeon (2/15)

Altars:

Shops:
D:2 [

Annotations:
D:2 Robin


Innate Abilities, Weirdness & Mutations

You have a pair of horns on your head.
You reflexively headbutt those who attack you in melee.


Message History

You headbutt the hobgoblin!
You kill the hobgoblin!
Trog accepts your kill.
You slash the hobgoblin!
You kill the hobgoblin!
Trog accepts your kill.
You hit the goblin.
You kill the goblin!
Trog accepts your kill. Robin throws the goblin at you!
The goblin hits you with a +0 dagger.
* * * LOW HITPOINT WARNING * * *
You barely miss the hobgoblin. You slash the goblin!
You kill the goblin!
Trog accepts your kill. The hobgoblin misses you.
Robin throws the goblin at you! The goblin hits you with a +0 dagger.
* * * LOW HITPOINT WARNING * * *
Unknown command.
You completely miss the hobgoblin. You barely miss the goblin.
Unknown command.
You completely miss the hobgoblin. You barely miss the goblin.
The hobgoblin hits you.
* * * LOW HITPOINT WARNING * * *
The goblin closely misses you.
Unknown command.
You barely miss the hobgoblin. You slash the goblin!
You kill the goblin!
Trog accepts your kill. The hobgoblin completely misses you.
Unknown command.
You hit the hobgoblin.
The hobgoblin is moderately wounded.
The hobgoblin hits you.
* * * LOW HITPOINT WARNING * * *
Unknown command.
You slash the hobgoblin!
You kill the hobgoblin!
Trog accepts your kill. Robin throws the goblin at you!
The goblin hits you with a +0 dagger.
You die...

#........ #........ .
#.####### .. #.# ...
#.# .... #.# ..... #.#
......######.#
.....gS@g....#########
#....g#######........#
########.####........#
#....................#
#........###.........#
#........# #.........#
#........###.........#
#.................)..#
#....................#


You could see Robin (fast), an adder and 2 goblins.

Vanquished Creatures
  A worm (D:2)
  A dart slug (D:1)
  4 ball pythons
  4 bats
  9 endoplasms
  A giant cockroach (D:1)
  11 goblins
  11 hobgoblins
  2 quokkas
  5 kobolds
  A rat (D:2)
50 creatures vanquished.

Notes
Turn   | Place    | Note
-------+----------+-------------------------------------------
     0 | D:1      | Zeld the Minotaur Berserker began the quest for the Orb.
     0 | D:1      | Reached XP level 1. HP: 19/19 MP: 0/0
   140 | D:1      | Reached XP level 2. HP: 22/27 MP: 1/1
   840 | D:2      | Reached ** piety under Trog
   841 | D:2      | Reached XP level 3. HP: 20/33 MP: 2/2
  1393 | D:2      | Found Dethuq's Armour Emporium.
  1630 | D:2      | Noticed Robin
  1642 | D:2      | HP: 2/51 [hobgoblin[Robin] (4)]
  1645 | D:2      | Slain by a goblin

Illustrated notes

Levels and vault maps discovered:
D:1:      minmay_arrival_four_houses, layout_rooms, patterned_corridor
D:2:      layout_basic, serial_shops, shop, nicolae_shop_stone,
          minmay_goblin_outpost, uniq_robin

Skill      XL: |  1  2  3 |
---------------+----------+-----
Axes           | 4 |  4.5
Fighting       | 4 |  4.4
Armour         | 3 |  3.1
Dodging        | |  2.7

Action                   || total
-------------------------++-------
Melee: Hand axe          ||    82
       Headbutt          ||    10
Invok: Berserk           ||     1
Armor: Animal skin       ||    18
Dodge: Dodged            ||    47
